 Dungeon Crawl Stone Soup version 0.26.0-10-g1f06aea511 (webtiles) character file.

Game seed: 7841935974049110597

5343 funkygono the Destroyer (level 10, 0/77 HPs)
             Began as a Red Draconian Conjurer on Feb 3, 2021.
             Was a Follower of Sif Muna.
             Slain by a death yak (9 damage)
             ... on level 8 of the Dungeon.
             The game lasted 00:23:11 (11403 turns).

funkygono the Destroyer (Red Draconian Conjurer)   Turns: 11403, Time: 00:23:12

Health: 0/77       AC: 11    Str:  9    XL:     10   Next: 38%
Magic:  27/31      EV: 12    Int: 22    God:    Sif Muna [*.....]
Gold:   583        SH:  3    Dex: 10    Spells: 23/26 levels left

rFire    + . .     SeeInvis .   B - +2 whip (flame)
rCold    . . .     Faith    .   r - +0 buckler
rNeg     + . .     Spirit   .   (armour unavailable)
rPois    .         Reflect  .   (helmet restricted)
rElec    .         Harm     .   p - +1 cloak
rCorr    .         Rampage  .   a - +1 pair of gloves
Will     .....                  (no boots)
Stlth    ++........             F - amulet of magic regeneration
HPRegen  0.22/turn              v - ring of positive energy
MPRegen  0.47/turn              z - ring of magical power

@: no status effects
A: breathe fire, unfitting armour, fire resistance 1, cold-blooded, AC +7
a: Breathe Fire, Renounce Religion, Channel Magic


You were on level 8 of the Dungeon.
You worshipped Sif Muna.
Sif Muna was aware of your devotion.
You visited 2 branches of the dungeon, and saw 11 of its levels.

You collected 583 gold pieces.

Inventory:

Hand Weapons
 i - a +2 whip
 B - a +2 whip of flaming (weapon)
Missiles
 f - 253 stones
Armour
 a - a +1 pair of gloves (worn)
 p - a +1 cloak (worn)
 r - a +0 buckler (worn)
Magical Staves
 w - an uncursed staff of poison
Jewellery
 s - an uncursed ring of resist corrosion
 t - an uncursed ring of fire
 v - a ring of positive energy (left hand)
 z - a ring of magical power (right hand)
 E - an uncursed amulet of the acrobat
 F - an amulet of magic regeneration (around neck)
 G - an uncursed ring of positive energy
 H - an uncursed ring of ice {unknown}
Wands
 j - a wand of paralysis (7)
 n - a wand of flame (14)
 o - a wand of polymorph (8)
 C - a wand of digging (9)
 D - a wand of iceblast (7)
 I - a wand of disintegration (4)
Scrolls
 g - 3 scrolls of teleportation
 q - 4 scrolls of remove curse
 u - 3 scrolls of amnesia
 x - a scroll of fear {unknown}
 y - 2 scrolls of blinking
Potions
 b - 2 potions of curing
 c - 2 potions of haste
 d - 3 potions of magic
 e - a potion of degeneration {unknown}
 h - 5 potions of might
 k - 2 potions of ambrosia
 l - 2 potions of lignification
 m - 4 potions of heal wounds
 A - a potion of invisibility {unknown}


   Skills:
 + Level 3.0 Fighting
 + Level 2.2 Maces & Flails
 + Level 4.0 Dodging
 + Level 3.9 Stealth
 + Level 1.0 Shields
 + Level 8.9 Spellcasting
 + Level 10.9 Conjurations


You had 23 spell levels left.
You knew the following spells:

 Your Spells              Type           Power        Failure   Level
a - Magic Dart            Conj           100%         1%          1
b - Searing Ray           Conj           100%         1%          2

Your spell library contained the following spells:

 Spells                   Type           Power        Failure   Level
 Dazzling Flash           Conj/Hex       66%          3%          3
 Fulminant Prism          Conj/Hex       16%          11%         4
 Iskenderun's Mystic Bla  Conj/Tloc      33%          11%         4
 Confusing Touch          Hex            9%           30%         3
 Gell's Gravitas          Tloc           4%           30%         3
 Petrify                  Tmut/Erth      9%           69%         4
 Metabolic Englaciation   Hex/Ice        4%           95%         5
 Yara's Violent Unravell  Hex/Tmut       4%           95%         5


Dungeon Overview and Level Annotations

Branches:
Dungeon (10/15)            Temple (1/1) D:6            Lair (0/6) D:9
    Orc: D:9-12

Altars:
Ashenzari
Cheibriados
Dithmenos
Elyvilon
Fedhas
Gozag
Hepliaklqana
Kikubaaqudgha
Makhleb
Nemelex Xobeh
Okawaru
Qazlal
Ru
Sif Muna
Trog
Uskayaw
Vehumet
Wu Jian
Xom
Yredelemnul
Zin
The Shining One

Shops:
D:5 !   D:6 :

Annotations:
D:9 Erolcha


Innate Abilities, Weirdness & Mutations

You can breathe blasts of fire.
Your fiery red scales are hard. (AC +7)
You cannot fit into any form of body armour.
Your flesh is heat resistant. (rF+)
You are cold-blooded and may be slowed by cold attacks.


Message History

The yak is lightly wounded. (Press . to maintain the ray.)
The death yak barely misses you.
The searing ray hits the death yak!
The death yak is moderately wounded.
The searing ray hits the yak!
The yak is moderately wounded.
The death yak gores you!
The searing ray hits the death yak!
The death yak is moderately wounded.
The searing ray hits the yak.
The yak is heavily wounded.
The death yak gores you!!
* * * LOW HITPOINT WARNING * * *
The searing ray hits the death yak!
The death yak is heavily wounded.
The searing ray hits the yak!
The yak is severely wounded.
You finish channeling your searing ray.
The death yak gores you!
You die...

......###.##......#........##.###
..................##.#####.##.#
..##.......#.#######.# #.##.#
..+...........# #....#####.##.#
..##..........# #.##.......##.#
..##..........# #.............#
##########....# ####.##########
#..†.######.# #.#>.YY@.##.#
#.##(###.##.# #.(.(....##.#
####........# ##########


You could see a death yak and a yak.

Vanquished Creatures
  Pikel (D:6)
  An elephant (D:9)
  Maurice (D:9)
  Maggie (D:6)
  Grinder (D:3)
  9 yaks
  Menkaure (D:4)
  A black bear (D:9)
  5 ice beasts
  A phantom (D:4)
  A necrophage (D:7)
  An ogre (D:9)
  4 centaurs
  3 lemures (D:6)
  Blork the orc (D:6)
  2 bullfrogs
  A wyvern skeleton (D:6)
  3 hounds
  A jelly (D:7)
  A centaur skeleton (D:6)
  4 orc priests
  A bullfrog skeleton (D:6)
  3 iguanas
  Ijyb (D:3)
  Terence (D:3)
  A gnoll shaman (D:8)
  Natasha (D:2)
  5 orc wizards
  4 worker ants
  2 hound skeletons (D:7)
  6 gnolls (D:8)
  8 adders
  2 shadow imps
  4 ufetubi
  2 adder skeletons
  A worm (D:2)
  2 dart slugs (D:1)
  7 leopard geckos
  21 orcs
  7 bats
  2 giant cockroaches
  10 goblins
  2 hobgoblins
  15 kobolds
  2 ball pythons
  A ball python skeleton (D:5)
  2 frilled lizards
  A leopard gecko skeleton (D:6)
  5 rats
163 creatures vanquished.

Notes
Turn   | Place    | Note
-------+----------+-------------------------------------------
     0 | D:1      | funkygono the Draconian Conjurer began the quest for the
                  | Orb.
     0 | D:1      | Reached XP level 1. HP: 14/14 MP: 3/3
   323 | D:1      | Reached XP level 2. HP: 20/20 MP: 0/5
   326 | D:1      | Learned a level 2 spell: Searing Ray
  1127 | D:1      | Reached XP level 3. HP: 26/26 MP: 2/6
  1467 | D:2      | Reached skill level 5 in Conjurations
  1859 | D:2      | Reached XP level 4. HP: 33/33 MP: 3/7
  2348 | D:3      | Noticed Grinder
  2350 | D:3      | Noticed Natasha
  2488 | D:2      | Killed Natasha
  2736 | D:3      | Killed Grinder
  2737 | D:3      | Reached skill level 6 in Conjurations
  2737 | D:3      | Reached XP level 5. HP: 16/38 MP: 0/9
  2737 | D:3      | Reached XP level 6. HP: 20/45 MP: 0/10
  2930 | D:3      | Noticed Ijyb
  2935 | D:3      | Killed Ijyb
  3085 | D:3      | HP: 2/45 [orc priest/divine providence (10)]
  3253 | D:3      | Noticed Terence
  3283 | D:3      | Found a shadowy altar of Dithmenos.
  3295 | D:3      | Killed Terence
  3895 | D:4      | Reached skill level 7 in Conjurations
  3977 | D:4      | Noticed Menkaure
  3982 | D:4      | Killed Menkaure
  3983 | D:4      | Your scales start taking on a fiery red colour.
  3983 | D:4      | Reached XP level 7. HP: 27/51 MP: 6/13
  3983 | D:4      | Gained mutation: Your flesh is heat resistant. (rF+) [Red
                  | Draconian growth]
  4270 | D:4      | Found a white marble altar of Elyvilon.
  4673 | D:5      | Entered Level 5 of the Dungeon
  4818 | D:5      | Found a stormy altar of Qazlal.
  4978 | D:5      | Reached skill level 5 in Spellcasting
  5167 | D:5      | Reached XP level 8. HP: 58/58 MP: 10/15
  5259 | D:5      | Found a broken altar of Ashenzari.
  5326 | D:5      | Found Poylo's Distillery.
  5526 | D:5      | Found an iron altar of Okawaru.
  5599 | D:6      | Noticed Blork the orc
  5606 | D:6      | Killed Blork the orc
  5607 | D:6      | Reached skill level 8 in Conjurations
  5750 | D:6      | Found a bloodstained altar of Trog.
  5871 | D:6      | Found Meheyl's Book Emporium.
  6185 | D:6      | Noticed Maggie
  6193 | D:6      | Killed Maggie
  6194 | D:6      | Reached skill level 1 in Fighting
  6321 | D:6      | Noticed Pikel
  6332 | D:6      | Killed Pikel
  6333 | D:6      | Reached skill level 9 in Conjurations
  6438 | D:6      | Reached XP level 9. HP: 35/64 MP: 19/19
  6589 | D:6      | Found a staircase to the Ecumenical Temple.
  6592 | D:6      | Got a transparent fustibalus
  6599 | Temple   | Entered the Ecumenical Temple
  7820 | D:7      | Found a shimmering blue altar of Sif Muna.
  7824 | D:7      | Became a worshipper of Sif Muna the Loreminder
  7964 | D:7      | Found a shimmering altar of Xom.
  8870 | D:8      | Reached skill level 10 in Conjurations
  9627 | D:9      | Noticed an elephant
  9646 | D:9      | You fall into a shaft and drop 1 floor!
  9646 | D:10     | Entered Level 10 of the Dungeon
  9652 | D:9      | Found a staircase to the Lair.
  9984 | D:9      | Noticed Maurice
 10009 | D:9      | Killed Maurice
 10009 | D:9      | Reached * piety under Sif Muna
 10124 | D:9      | Reached skill level 1 in Maces & Flails
 10136 | D:9      | Killed an elephant
 10137 | D:9      | Reached XP level 10. HP: 61/73 MP: 17/22
 10206 | D:9      | Found a blossoming altar of Fedhas.
 10251 | D:9      | Noticed a death yak
 10297 | D:9      | Noticed Erolcha
 10685 | D:9      | Reached skill level 1 in Shields
 11403 | D:8      | Slain by a death yak

Illustrated notes

Levels and vault maps discovered:
D:1:      dpeg_arrival_three_smaller_balls, layout_basic, serial_corexii_hall,
          chequers_hall_statues_corner_a, corexii_hall_statues_i,
          nrook_mini_backslash, minmay_fountain_box
D:2:      layout_basic, serial_rivers, chequers_serial_rivers_micro_c,
          chequers_serial_rivers_room_a, chequers_serial_rivers_room_a,
          chequers_serial_rivers_micro_e, chequers_serial_rivers_large_b,
          kennysheep_donut
D:3:      layout_rooms, nicolae_dithmenos_shadow_blocks,
          chequers_serial_rivers_micro_d, uniq_ijyb, uniq_terence, uniq_grinder,
          uniq_natasha
D:4:      layout_gridville, elyvilon_altar_5, uniq_menkaure
D:5:      layout_basic, nicolae_overflow_hidden_temple,
          nicolae_overflow_crystal_walls, kennysheep_mini, serial_shops,
          shop_statue, minmay_pentangle
D:6:      layout_basic, overflow_temple_1_default, temple_doors_e, serial_shops,
          shop_fountains, uniq_pikel, uniq_maggie, uniq_blork_the_orc
D:7:      lemuel_ice_spiral_2, layout_basic, overflow_temple_1_default,
          xom_butterflies, interstate_on_off
D:8:      layout_basic
D:9:      layout_irregular_city, kennysheep_mini_moat, david_lair_generic,
          uniq_erolcha, uniq_maurice
D:10:     layout_loops_corners, zaba_anthell, uniq_josephine, uniq_nergalle
Temple:   nicolae_temple_figure_eight

Skill      XL: |  1  2  3  4  5  6  7  8  9 10 |
---------------+-------------------------------+-----
Conjurations   | 5 6 7 9 10 | 10.9
Stealth        | 2 3 |  3.9
Spellcasting   | 3 4 5 6 8 |  8.9
Dodging        | 2 3 4 |  4.0
Fighting       | 1 2 3 |  3.0
Maces & Flails | 1 2 |  2.2
Shields        | 1 |  1.0

Action                   |  1- 3 |  4- 6 |  7- 9 | 10-12 || total
-------------------------+-------+-------+-------+-------++-------
Melee: Unarmed           |     1 |       |       |       ||     1
       Whip              |     4 |     9 |    20 |     1 ||    34
       Tailslap          |     1 |     1 |     1 |       ||     3
 Cast: Magic Dart        |    64 |    53 |   120 |     6 ||   243
       Searing Ray       |     5 |    13 |    54 |    12 ||    84
 Abil: Breathe Fire      |       |       |     8 |       ||     8
  Use: Scroll            |     2 |     7 |    16 |       ||    25
       Potion            |       |     3 |     1 |       ||     4
Armor: Skin              |     9 |     4 |    56 |    15 ||    84
Dodge: Dodged            |    15 |    14 |    63 |    18 ||   110
Block: Buckler           |       |       |     7 |     6 ||    13
